 Dungeon Crawl Stone Soup version 0.21.1-1-g345015f (webtiles) character file.

456 toucherabbit the Quickloader (level 7, -11/42 HPs)
             Began as a Kobold Hunter on Mar 17, 2018.
             Mangled by an ice beast (14 damage)
             ... on level 5 of the Dungeon.
             The game lasted 00:07:03 (2880 turns).

toucherabbit the Quickloader (Kobold Hunter)        Turns: 2880, Time: 00:07:04

Health: -11/42     AC:  4    Str:  9      XL:     7   Next: 27%
Magic:  7/7        EV: 14    Int: 12      God:
Gold:   147        SH:  0    Dex: 11 (18) Spells: 6/6 levels left

rFire    . . .     SeeInvis .   z - +0 rapier
rCold    . . .     Gourm    .   (shield restricted)
rNeg     . . .     Faith    .   c - +0 leather armour
rPois    .         Spirit   .   (no helmet)
rElec    .         Reflect  .   m - +0 cloak
rCorr    .         Harm     .   (no gloves)
MR       +....                  (no boots)
Stlth    ++........             (no amulet)
HPRegen  0.14/turn              t - ring of protection from magic
MPRegen  0.10/turn              (no ring)

@: no status effects
A: small, carnivore
a: no special abilities


You were on level 5 of the Dungeon.
You were not hungry.

You visited 1 branch of the dungeon, and saw 5 of its levels.

You collected 147 gold pieces.

Inventory:

Hand Weapons
 a - a +1 hand crossbow
 b - a +0 short sword
 z - a +0 rapier (weapon)
Missiles
 d - 21 bolts
Armour
 c - a +0 leather armour (worn)
 l - a +0 shield
 m - a +0 cloak (worn)
Magical Staves
 s - an uncursed staff of earth
Jewellery
 t - a ring of protection from magic (left hand)
Scrolls
 h - 6 scrolls of teleportation {unknown}
 i - a scroll of fog {unknown}
 o - a scroll of enchant weapon {unknown}
 p - 3 scrolls of immolation {unknown}
 r - a scroll of random uselessness {unknown}
 v - a scroll of amnesia {unknown}
 x - 3 scrolls of identify {unknown}
 y - a scroll of remove curse {unknown}
Potions
 e - a potion of curing {unknown}
 g - 2 potions of mutation {unknown}
 j - a potion of haste
 k - 2 potions of degeneration {unknown}
 n - a potion of cancellation {unknown}
 q - a potion of brilliance {unknown}
 u - a potion of might {unknown}
 w - a potion of flight
Comestibles
 f - 7 rations


   Skills:
 + Level 3.9 Fighting
 + Level 0.2 Short Blades
 + Level 8.3 Crossbows
 + Level 1.4 Armour
 + Level 3.1 Dodging
 + Level 2.1 Stealth


You had 6 spell levels left.
You didn't know any spells.

Dungeon Overview and Level Annotations

Branches:
Dungeon (5/15)
 Temple: D:4-7

Altars:
Ashenzari
Cheibriados

Shops:
D:4 !


Innate Abilities, Weirdness & Mutations

You are small and have problems with some larger weapons.
You are carnivorous and can eat meat at any time.


Message History

The ice beast is lightly wounded.
The ice beast closely misses you.
You closely miss the ice beast.
The ice beast is lightly wounded.
The ice beast closely misses you. The ice beast hits you.
* * * LOW HITPOINT WARNING * * *
The ice beast freezes you.
* * * LOW HITPOINT WARNING * * *
You closely miss the ice beast.
The ice beast is lightly wounded.
The ice beast barely misses you.
You barely miss the ice beast.
The ice beast is lightly wounded.
The ice beast hits you but does no damage.
You closely miss the ice beast.
The ice beast is lightly wounded.
The ice beast hits you.
* * * LOW HITPOINT WARNING * * *
The ice beast freezes you!
You die...

...... #. .# #......#
.#.# ....#... ...#
.......##.#
..........###### #
#............# ..
#...##.......#
...#...#Y.......#
........@.......#
...................#
#.........).#.######
#........#..#.####
.###......#%........#
..........###....##.#
#................#
#..............#.
#.................#


You could see an ice beast.

Vanquished Creatures
  An ogre (D:4)
  A scorpion (D:4)
  An orc wizard (D:4)
  2 iguanas (D:4)
  2 worker ants (D:4)
  3 gnolls (D:3)
  A howler monkey skeleton (D:4)
  6 adders
  2 oozes
  2 adder skeletons (D:4)
  A worm (D:3)
  3 leopard geckos (D:2)
  13 orcs
  2 giant cockroaches
  9 goblins
  7 hobgoblins
  6 jackals
  3 quokkas
  A ball python (D:4)
  8 bats
  2 frilled lizards
  3 kobolds
  4 rats
83 creatures vanquished.

Notes
Turn   | Place    | Note
-------+----------+-------------------------------------------
     0 | D:1      | toucherabbit the Kobold Hunter began the quest for the Orb.
     0 | D:1      | Reached XP level 1. HP: 12/12 MP: 1/1
    46 | D:1      | Reached skill level 5 in Crossbows
    55 | D:1      | Reached XP level 2. HP: 18/18 MP: 2/2
   537 | D:2      | Reached XP level 3. HP: 22/22 MP: 3/3
   670 | D:2      | Reached skill level 6 in Crossbows
   736 | D:2      | Reached XP level 4. HP: 26/27 MP: 4/4
  1197 | D:3      | Reached XP level 5. HP: 31/31 MP: 5/5
  1425 | D:3      | Reached skill level 7 in Crossbows
  2112 | D:4      | Reached XP level 6. HP: 37/37 MP: 6/6
  2214 | D:4      | Noticed an ogre
  2222 | D:4      | Killed an ogre
  2222 | D:4      | Reached skill level 8 in Crossbows
  2222 | D:4      | Reached skill level 1 in Armour
  2310 | D:4      | Reached XP level 7. HP: 16/42 MP: 7/7
  2619 | D:4      | Found a shattered altar of Ashenzari.
  2619 | D:4      | Found a snail-covered altar of Cheibriados.
  2669 | D:4      | Found Couch's Distillery.
  2696 | D:4      | HP: 2/42 [orc/hand axe (5)]
  2721 | D:5      | Entered Level 5 of the Dungeon
  2880 | D:5      | Mangled by an ice beast

Skill      XL: |  1  2  3  4  5  6 |
---------------+-------------------+-----
Crossbows      | 5 6 7 8 |  8.3
Fighting       | 3 |  3.9
Armour         | 1 |  1.4
Dodging        | 3 |  3.1
Stealth        | 2 |  2.1
Short Blades   | |  0.2

Action                   |  1- 3 |  4- 6 |  7- 9 || total
-------------------------+-------+-------+-------++-------
Melee: Hand crossbow     |     1 |     6 |       ||     7
       Rapier            |       |     8 |    43 ||    51
 Fire: Hand crossbow     |    68 |   118 |     9 ||   195
  Use: Potion            |       |       |     2 ||     2
  Eat: Chunk             |       |     6 |       ||     6
Armor: Leather armour    |     3 |    17 |    40 ||    60
Dodge: Dodged            |    28 |    59 |   107 ||   194
